 Dungeon Crawl Stone Soup version 0.18-a0-937-g1af3f5e (webtiles) character file.

201 Arkorax the Ruffian (level 5, -3/47 HPs)
             Began as a Ghoul Monk on Dec 28, 2015.
             Slain by an ogre
             ... wielding a +0 giant club
              (22 damage)
             ... on level 4 of the Dungeon.
             The game lasted 00:05:11 (2813 turns).

Arkorax the Ruffian (Ghoul Monk)                    Turns: 2813, Time: 00:05:11

Health: -3/47      AC:  8    Str: 15    XL:     5   Next: 79%
Magic:  4/4        EV:  6    Int:  5    God:
Gold:   148        SH:  3    Dex: 12    Spells: 0 memorised, 4 levels left

rFire  . . .     SeeInvis .       - Unarmed
rCold  + . .     Gourm    .     k - +0 chain mail
rNeg   + + +     Faith    .     r - +0 buckler
rPois  ∞         Spirit   .     (no helmet)
rElec  .         Dismiss  .     (no cloak)
rCorr  .         Reflect  .     (no gloves)
SustAt .         Harm     .     (no boots)
MR     .....                    (no amulet)
Stlth  ..........               (no ring)
                                (no ring)

@: rotting, not resistant to hostile enchantments, extremely unstealthy
A: rotting body, claws 1, carnivore 3, cold resistance 1, negative energy
resistance 3, slow regeneration 1, torment resistance, unbreathing
a: no special abilities


You were on level 4 of the Dungeon.
You were not hungry.

You visited 1 branch of the dungeon, and saw 4 of its levels.

You collected 148 gold pieces.

Inventory:

Hand Weapons
 s - a +0 dagger of electrocution
Missiles
 a - 6 javelins (quivered)
Armour
 k - a +0 chain mail (worn)
 r - a +0 buckler (worn)
Wands
 m - a wand of fireball (5/15)
 q - a wand of random effects (17/48)
Scrolls
 f - 4 scrolls of remove curse
 j - 2 scrolls of teleportation
 l - a scroll of recharging {unknown}
Potions
 e - 3 potions of lignification {unknown}
 h - a potion of agility {unknown}
 i - a potion of mutation {unknown}
 n - a potion of brilliance {unknown}
 o - a potion of curing
 p - a potion of berserk rage {unknown}
 t - a potion of haste {unknown}
Books
 g - a book of Unlife

   Spells                             Type                      Level
   a - Recall                         Summoning/Translocation      3
   b - Animate Dead                   Necromancy                   4
   c - Control Undead                 Necromancy                   4
   d - Cigotuvi's Embrace             Necromancy                   5
   e - Death Channel                  Necromancy                   6
   f - Simulacrum                     Ice/Necromancy               6
Comestibles
 b - 3 meat rations
 c - a chunk of flesh
 d - 2 beef jerkies


   Skills:
 + Level 4.9 Fighting
 - Level 2.6 Dodging
 - Level 2.1 Stealth
 * Level 1.2 Shields
 + Level 6.2 Unarmed Combat


You had 4 spell levels left.
You didn't know any spells.

Dungeon Overview and Level Annotations

Branches:
Dungeon (4/15)
 Temple: D:4-7

Altars:
Ashenzari
Fedhas
Trog
Xom


Innate Abilities, Weirdness & Mutations

Your body is rotting away.
You thrive on raw meat.
You are immune to poison.
You have sharp fingernails.
You are carnivorous and can eat meat at any time.
Your flesh is cold resistant.
You are immune to negative energy.
You regenerate slowly when monsters are visible.
You are immune to unholy pain and torment.
You can survive without breathing.


Message History

Evoking this partially-identified wand wasted a few charges.
The ogre hits you with a giant club!
Evoke which item? (* to show all) (? for menu, Esc to quit)
Zapping:
q - a wand of random effects {zapped: 8} (will waste charges)
Press: ? - help, Shift-Dir - straight line, f/p - ogre
Aim: an ogre, wielding a giant club (moderately wounded)
The ogre seems to speed up.
Evoking this partially-identified wand wasted a few charges.
The ogre hits you with a giant club!
* * * LOW HITPOINT WARNING * * *
Unknown command.
Evoke which item? (* to show all) (? for menu, Esc to quit)
Zapping:
q - a wand of random effects {zapped: 10} (will waste charges)
Press: ? - help, Shift-Dir - straight line, f/p - ogre
Aim: an ogre, wielding a giant club (moderately wounded, fast)
Okay, then.
Drink which item? (? for menu, Esc to quit)
It was a potion of curing.
You feel better. The ogre hits you with a giant club!!
You die...

## ##..
###...###
........# #.#
#.# #.# #O#
#@# #.# #.#
#.# #.#
.##########.#
.......<....#
#############


You could see an ogre.

Vanquished Creatures
  An orc wizard (D:3)
  7 adders
  3 oozes
  3 giant geckos
  4 orcs (D:3)
  6 giant cockroaches
  12 hobgoblins
  6 jackals
  3 quokkas
  2 ball pythons
  14 bats
  4 giant newts
  13 goblins
  A jackal zombie (D:3)
  9 kobolds
  9 rats
  A butterfly (D:3)
98 creatures vanquished.

Notes
Turn   | Place    | Note
--------------------------------------------------------------
     0 | D:1      | Arkorax the Ghoul Monk began the quest for the Orb.
     0 | D:1      | Reached XP level 1. HP: 19/19 MP: 0/0
    53 | D:1      | Found a shattered altar of Ashenzari.
   136 | D:1      | Reached XP level 2. HP: 9/26 MP: 1/1
   146 | D:1      | HP: 1/26 [jackal (2)]
   450 | D:1      | Reached skill level 5 in Unarmed Combat
   500 | D:1      | Reached XP level 3. HP: 19/33 MP: 2/2
   994 | D:2      | Found a blossoming altar of Fedhas.
  1007 | D:1      | Reached XP level 4. HP: 15/40 MP: 3/3
  1212 | D:2      | Found a bloodstained altar of Trog.
  1569 | D:2      | Reached XP level 5. HP: 42/47 MP: 4/4
  1883 | D:2      | Reached skill level 6 in Unarmed Combat
  2188 | D:3      | Found a shimmering altar of Xom.
  2545 | D:3      | Reached skill level 1 in Shields
  2803 | D:4      | Noticed an ogre
  2813 | D:4      | Slain by an ogre

Vault maps used:
D:1:      dpeg_arrival_simpleton_c, minmay_liquid_box, minmay_misc_feat_roman,
          nicolae_ashenzari_panopticon
D:2:      forest_paths, grunt_temple_overflow_open, corexii_shack,
          dk_noncrumbling_2
D:3:      kennysheep_six_static_rooms, xom_butterflies, first_bread,
          roderic_roman_lattice
D:4:      uniq_grinder, uniq_pikel

Action                   |  1- 3 |  4- 6 || total
-------------------------+-------+-------++-------
Melee: Unarmed           |    97 |   176 ||   273
Evoke: Wand              |       |     4 ||     4
  Use: Scroll            |     3 |       ||     3
       Potion            |       |     1 ||     1
 Stab: Sleeping          |     6 |     1 ||     7
       Distracted        |     1 |       ||     1
  Eat: Chunk             |     4 |     6 ||    10
